 Dungeon Sprint DCSS version 0.20-a0-1121-gbb42413 (webtiles) character file.

8351 potatolord6000 the Peltast (level 11, 0/101 HPs)
             Began as a Formicid Fighter on May 10, 2017.
             Was an Initiate of Gozag.
             Slain by an efreet
             ... wielding a +4 scimitar of flaming
              (2 damage)
             ... in the Dungeon (Sprint VII: "The Pits").
             The game lasted 00:14:28 (1298 turns).

potatolord6000 the Peltast (Formicid Fighter)       Turns: 1298, Time: 00:14:30

Health: 0/101      AC: 36    Str: 20    XL:     11   Next: 54%
Magic:  11/11      EV:  7    Int:  8    God:    Gozag
Gold:   1826       SH: 14    Dex: 13    Spells: 10/10 levels left

rFire    . . .     SeeInvis +   l - +4 halberd (protect)
rCold    . . .     Gourm    .   c - +0 shield
rNeg     . . .     Faith    .   k - +3 plate armour
rPois    +         Spirit   .   (helmet unavailable)
rElec    .         Reflect  .   (no cloak)
rCorr    .         Harm     .   r - +2 pair of gloves of Insecurity {-Cast rPois Regen+ Str-4}
MR       ++...     NoCast   +   s - +1 pair of boots {run}
Stlth    ..........             (no amulet)
Regen    0.7/turn               d - +3 ring of protection
MPRegen  0.2/turn               h - +3 ring of dexterity

@: gold aura, protection aura, quick
A: permanent stasis, dig shafts and tunnels, four strong arms, antennae 3, magic
resistance 1, mutation resistance 1
a: Dig, Potion Petition, Call Merchant, Bribe Branch, Renounce Religion


You were in the Dungeon.
You worshipped Gozag.
Gozag was most pleased with you.
You were full.

You visited 1 branch You collected 4896 gold pieces.
You spent 932 gold pieces at shops.
You paid 2138 gold pieces to Gozag.

Inventory:

Hand Weapons
 l - a +4 halberd of protection (weapon)
Armour
 c - a +0 shield (worn)
 k - a +3 plate armour (worn)
 r - the +2 pair of gloves of Insecurity (worn) {-Cast rPois Regen+ Str-4}
   (You bought it in a shop in the Dungeon)

   It affects your strength (-4).
   It protects you from poison.
   It prevents spellcasting.
   It increases your rate of regeneration.
 s - a +1 pair of boots of running (worn)
Jewellery
 d - a +3 ring of protection (left hand)
 h - a +3 ring of dexterity (right hand)
Scrolls
 a - a scroll of identify
 m - 3 scrolls of remove curse
 n - 5 scrolls of amnesia
 o - a scroll of summoning
Potions
 b - a potion of heal wounds
 e - 6 potions of curing
 g - 2 potions of brilliance
 i - 4 potions of magic
Comestibles
 f - 8 bread rations
 p - 40 fruits
 q - 5 meat rations


   Skills:
 + Level 14.7 Fighting
   Level 9.5(11.3) Axes
 + Level 10.2(11.6) Polearms
 + Level 14.7 Armour
 + Level 15.9 Shields


You had 10 spell levels left.
You didn't know any spells.

Dungeon Overview and Level Annotations

Branches:
Dungeon (1/1)

Altars:
Ashenzari
Cheibriados
Dithmenos
Elyvilon
Fedhas
Gozag
Hepliaklqana
Kikubaaqudgha
Makhleb
Nemelex Xobeh
Okawaru
Qazlal
Ru
Sif Muna
Trog
Uskayaw
Vehumet
Wu Jian
Xom
Yredelemnul
Zin
The Shining One
Beogh
Jiyva
Lugonu

Shops:
D ?[


Innate Abilities, Weirdness & Mutations

You cannot be hasted, slowed, berserked, paralysed or teleported.
You can dig through walls and to a lower floor.
Your four strong arms can wield two-handed weapons with a shield.
You have a pair of large antennae on your head. (SInv)
You are resistant to hostile enchantments. (MR+)
You are somewhat resistant to further mutation.


Message History

* * * LOW HITPOINT WARNING * * *
You hit the efreet.
The efreet is severely wounded.
The efreet gestures at you. The bolt of fire hits you!
Your plate armour prevents you from hitting the efreet.
The efreet is severely wounded.
You hit the efreet but do no damage.
The efreet is severely wounded.
The efreet hits you with a scimitar of flaming.
* * * LOW HITPOINT WARNING * * *
The efreet burns you.
* * * LOW HITPOINT WARNING * * *
You hit the efreet but do no damage.
The efreet is severely wounded.
The efreet hits you with a scimitar of flaming!
* * * LOW HITPOINT WARNING * * *
The efreet burns you.
You die...
Your body crumbles into a pile of gold.

############### ###
..............###..# ..
#........).....#..# #.#
###...#'######...# ....
..#####.##...##+## #.#.#
....##...#...#...#......
.....#...#...#...#......
.)∩∩.'.[.+.[.'.((R......
.....#...#...#.$@#§.....
....##...#...#.(.# .....
..#####.##)..##+## .#.#
###...#'######...# ..O $
#.......[.[.)).#..# .# $
......)....())###..# .
############### ###


You could see an efreet.

Vanquished Creatures
  A minotaur (D)
  A two-headed ogre (D)
  2 deep trolls (D)
  A flayed ghost (D)
  A lindwurm (D)
  An orc knight (D)
  An elephant (D)
  A manticore (D)
  A black mamba (D)
  A hellwing (D)
  An efreet (D)
  A red devil (D)
  A troll (D)
  A polar bear (D)
  A hornet (D)
  A bog body (D)
  Sigmund (D)
  A tarantella (D)
  A ynoxinul (D)
  A shadow (D)
  A yak (D)
  A hungry ghost (D)
  An acid dragon (D)
  A swamp drake (D)
  A floating eye (D)
  A porcupine (D)
  A sky beast (D)
  3 ice beasts (D)
  A black bear (D)
  2 orc warriors (D)
  2 wolves (D)
  A centaur (D)
  An ogre (D)
  A scorpion (D)
  A quasit (D)
  An orc priest (D)
  2 worker ants (D)
  2 mummies (D)
  An adder (D)
  3 gnolls (D)
  A river rat (D)
  3 orcs (D)
  A ball python (D)
  2 bats (D)
  A bat zombie (D)
  A goblin (D)
  A quokka (D)
  A frilled lizard (D)
  A jackal skeleton (D)
  A jackal zombie (D)
  A kobold (D)
63 creatures vanquished.

Vanquished Creatures (others)
  A death drake (D)
  A tormentor (D)
  A swamp drake (D)
  An orc (D)
4 creatures vanquished.

Grand Total: 67 creatures vanquished

Notes
Turn   | Place    | Note
-------+----------+-------------------------------------------
     0 | D        | potatolord6000 the Formicid Fighter began the quest for the Orb.
     0 | D        | Reached XP level 1. HP: 18/18 MP: 1/1
    14 | D        | Killed a death drake
    17 | D        | Reached skill level 4 in Shields
    17 | D        | Reached XP level 2. HP: 25/25 MP: 2/2
    20 | D        | Killed a tormentor
    45 | D        | Found a bloodstained altar of Trog.
    45 | D        | Found a deep blue altar of Sif Muna.
    45 | D        | Found a viscous altar of Jiyva.
    45 | D        | Found a hazy altar of Hepliaklqana.
    45 | D        | Found an opulent altar of Gozag.
    46 | D        | Found a glowing golden altar of the Shining One.
    46 | D        | Found a glowing silver altar of Zin.
    46 | D        | Found a basalt altar of Yredelemnul.
    46 | D        | Found a shimmering altar of Xom.
    46 | D        | Found an ornate altar of the Wu Jian Council.
    46 | D        | Found a sacrificial altar of Ru.
    46 | D        | Found a stormy altar of Qazlal.
    46 | D        | Found an iron altar of Okawaru.
    46 | D        | Found a sparkling altar of Nemelex Xobeh.
    46 | D        | Found a burning altar of Makhleb.
    46 | D        | Found a blossoming altar of Fedhas.
    46 | D        | Found a white marble altar of Elyvilon.
    46 | D        | Found a shadowy altar of Dithmenos.
    46 | D        | Found a snail-covered altar of Cheibriados.
    49 | D        | Found a corrupted altar of Lugonu.
    49 | D        | Found a radiant altar of Vehumet.
    49 | D        | Found a roughly hewn altar of Beogh.
    50 | D        | Found an ancient bone altar of Kikubaaqudgha.
    50 | D        | Found a hide-covered altar of Uskayaw.
    50 | D        | Found a shattered altar of Ashenzari.
    55 | D        | Became a worshipper of Gozag Ym Sagoz the Greedy
    93 | D        | Reached skill level 5 in Shields
    93 | D        | Reached XP level 3. HP: 31/31 MP: 3/3
   206 | D        | Noticed an ice beast
   207 | D        | Noticed an ice beast
   208 | D        | Noticed a porcupine
   220 | D        | Killed an ice beast
   220 | D        | Reached skill level 5 in Axes
   220 | D        | Reached skill level 7 in Shields
   220 | D        | Reached XP level 4. HP: 31/40 MP: 4/4
   220 | D        | Reached XP level 5. HP: 35/46 MP: 5/5
   222 | D        | Killed an ice beast
   222 | D        | Reached skill level 8 in Shields
   222 | D        | Reached XP level 6. HP: 36/55 MP: 6/6
   225 | D        | Killed a porcupine
   226 | D        | Reached skill level 9 in Shields
   248 | D        | Noticed an ice beast
   252 | D        | Killed an ice beast
   252 | D        | Reached XP level 7. HP: 50/63 MP: 7/7
   255 | D        | Noticed a yak
   260 | D        | Killed a yak
   260 | D        | Reached skill level 10 in Shields
   264 | D        | Noticed a hungry ghost
   281 | D        | Killed a hungry ghost
   281 | D        | Reached XP level 8. HP: 62/72 MP: 8/8
   347 | D        | Noticed a flayed ghost
   372 | D        | HP: 3/72 [flayed ghost (18)]
   376 | D        | Killed a flayed ghost
   376 | D        | Reached skill level 10 in Fighting
   376 | D        | Reached skill level 10 in Armour
   376 | D        | Reached skill level 11 in Shields
   441 | D        | Gained mutation: You are dopey. (Int -2) [potion of mutation]
   441 | D        | Gained mutation: You are very dopey. (Int -4) [potion of mutation]
   441 | D        | Gained mutation: You are somewhat resistant to further mutation. [potion of mutation]
   445 | D        | Lost mutation: You are somewhat resistant to further mutation. [potion of mutation]
   445 | D        | Lost mutation: You are very dopey. (Int -4) [potion of mutation]
   445 | D        | Lost mutation: You are dopey. (Int -2) [potion of mutation]
   445 | D        | Gained mutation: You are resistant to hostile enchantments. (MR+) [potion of mutation]
   445 | D        | Gained mutation: You are somewhat resistant to further mutation. [potion of mutation]
   611 | D        | Noticed a deep troll
   618 | D        | Reached skill level 1 in Polearms
   618 | D        | Reached XP level 9. HP: 75/79 MP: 9/9
   641 | D        | Killed a deep troll
   641 | D        | Reached skill level 12 in Shields
   667 | D        | Bought a scroll of identify for 32 gold pieces
   667 | D        | Bought a scroll of identify for 32 gold pieces
   667 | D        | Bought a scroll of enchant weapon for 120 gold pieces
   667 | D        | Bought a scroll of enchant weapon for 120 gold pieces
   785 | D        | Noticed a manticore
   787 | D        | Killed a manticore
   788 | D        | Noticed a hellwing
   804 | D        | Killed a hellwing
   804 | D        | Reached skill level 5 in Polearms
   804 | D        | Reached skill level 13 in Shields
   815 | D        | Reached XP level 10. HP: 52/89 MP: 10/10
   874 | D        | Bought a pair of fine gloves for 351 gold pieces
   874 | D        | Bought a pair of runed boots for 277 gold pieces
   879 | D        | Identified a +1 pair of boots of running (You bought it in a shop in the Dungeon)
   879 | D        | Identified the +2 pair of gloves of Insecurity {-Cast rPois Regen+ Str-4} (You bought it in a shop in the Dungeon)
  1031 | D        | Noticed a two-headed ogre
  1045 | D        | Killed a two-headed ogre
  1045 | D        | Reached skill level 14 in Shields
  1083 | D        | Noticed a black mamba
  1095 | D        | Killed a black mamba
  1131 | D        | Noticed an orc knight
  1132 | D        | Noticed Sigmund
  1133 | D        | Noticed a deep troll
  1134 | D        | Noticed an efreet
  1149 | D        | Killed an orc knight
  1150 | D        | Killed a deep troll
  1151 | D        | Reached XP level 11. HP: 99/99 MP: 11/11
  1160 | D        | Reached skill level 15 in Shields
  1165 | D        | Killed Sigmund
  1208 | D        | Noticed a lindwurm
  1216 | D        | Killed a lindwurm
  1260 | D        | Noticed an elephant
  1266 | D        | Noticed a minotaur
  1279 | D        | Killed an elephant
  1289 | D        | Killed a minotaur
  1289 | D        | Reached skill level 10 in Polearms
  1298 | D        | HP: 2/101 [efreet/scimitar of flaming (13)]
  1298 | D        | Slain by an efreet

Vault maps used:
D:        pitsprint

Skill      XL: |  1  2  3  4  5  6  7  8  9 10 11 |
---------------+----------------------------------+-----
Armour         | 4 6 7 8 9 10 12 13 14 | 14.7
Shields        | 4 5 7 8 9 10 11 13 14 15 | 15.9
Fighting       | 4 6 7 8 9 10 12 13 14 | 14.7
Axes           | 3 5 6 7 8 9 |  9.5
Polearms       | 1 5 8 10 | 10.2

Action                   |  1- 3 |  4- 6 |  7- 9 | 10-12 || total
-------------------------+-------+-------+-------+-------++-------
Melee: War axe           |    36 |    10 |    52 |       ||    98
       Halberd           |       |       |    57 |   152 ||   209
Invok: Potion Petition   |       |       |     1 |     1 ||     2
       Call Merchant     |       |       |     1 |     1 ||     2
  Use: Potion            |     3 |     2 |     6 |     1 ||    12
       Scroll            |       |       |     2 |     1 ||     3
 Stab: Distracted        |       |       |     1 |     2 ||     3
       Invisible         |       |       |     6 |       ||     6
  Eat: Meat ration       |       |       |     2 |       ||     2
Armor: Scale mail        |    19 |       |       |       ||    19
       Chain mail        |    21 |    11 |    16 |       ||    48
       Plate armour      |       |       |   125 |    84 ||   209
Dodge: Dodged            |    34 |    15 |    69 |    43 ||   161
Block: Shield            |    54 |    10 |   124 |   125 ||   313
